Get step-by-step instructions on how to execute this build order below. Start the game timer, and the build order will tick by so you can play in parallel with StarCraft on a second screen or mobile device.

Game Time

  0:00

Last Step

  N/A

Next Step

Upcoming Step



Don't want to look back and forth between 2 screens? Try out our Overwolf App, the Spawning Tool Build Advisor to get an in-game overlay with this build!

Complete Build Order

  12  0:00  Drone  
  13  0:13  Overlord  
  13  0:17  Drone  
  14  0:33  Drone x2  
  16  0:38  Drone  
  17  0:49  Extractor, Drone  
  17  0:54  Spawning Pool  
  16  0:57  Drone  
  17  1:16  Drone  
  18  1:22  Hatchery  
  18  1:23  Drone  
  18  1:31  Drone  
  19  1:45  Zergling x2  
  19  1:46  Roach Warren  
  19  1:53  Drone  
  20  1:57  Metabolic Boost  
  20  2:04  Queen  
  22  2:11  Overlord  
  22  2:31  Roach  
  22  2:32  Roach  
  22  2:35  Roach x2  
  30  2:56  Roach  
  32  3:09  Overlord  
  32  3:11  Zergling x8  
  35  3:43  Ravager  
  36  3:56  Zergling x2  
  36  3:57  Zergling x14  
  42  4:05  Queen  
  44  4:19  Lair  
  44  4:21  Overlord x3  
  44  4:23  Overlord x2  
  44  4:45  Drone  
  44  4:46  Drone x5  
  50  4:55  Drone x2  
  52  5:08  Drone x3  
  52  5:09  Drone x2  
  57  5:22  Spore Crawler  
  57  5:26  Spore Crawler, Queen x2  
  59  5:33  Drone  
  59  5:34  Drone x5  
  65  5:41  Overseer  
  65  5:51  Hatchery  
  65  5:52  Drone x3  
  67  6:00  Drone x3  
  70  6:14  Extractor  
  70  6:16  Extractor  
  67  6:27  Drone x2  
  67  6:28  Drone  
  67  6:30  Drone  
  67  6:31  Drone x6  
  75  7:17  Queen  
  77  7:42  Zergling x2  
  77  7:43  Zergling x22  
  89  7:54  Extractor, Spire  
  87  8:01  Baneling Nest  
  87  8:02  Queen  
  88  8:07  Drone  
  88  8:08  Overlord x5  
  88  8:09  Overlord x5  
  89  8:38  Zergling x6  
  89  8:39  Zergling x10  
  74  9:08  Mutalisk x3  
  74  9:09  Mutalisk x5  
  84  9:10  Mutalisk x3  
  83  9:37  Zergling x6  
  83  9:38  Zergling x8  
  90  10:11  Evolution Chamber  
  90  10:13  Evolution Chamber  
  88  10:15  Infestation Pit  
  83  11:04  Mutalisk x5  
  83  11:05  Mutalisk x5  
  90  11:29  Extractor  
  90  11:30  Extractor  
  88  11:42  Hive  
  88  11:43  Hatchery  
  88  11:44  Zerg Melee Weapons Level 1, Zerg Ground Armor Level 1  
  87  11:50  Drone x11  
  87  11:51  Drone x3  
  95  13:08  Ultralisk Cavern  
  94  13:14  Adrenal Glands  
  94  13:17  Zergling x2  
  94  13:18  Zergling x22  
  106  13:26  Queen  
  108  13:28  Zergling x14  
  115  13:54  Baneling x3  
  115  13:55  Baneling x5  
  115  13:56  Baneling x2  
  104  14:15  Ultralisk  
  104  14:16  Ultralisk x4  
  111  14:38  Zergling x6  
  111  14:39  Zergling x6